 Dungeon Crawl Stone Soup version 0.31-a0-1165-g196b491b36 (webtiles) character file.

Game seed: 6473344101875488604

11092 avis the Summoner (level 11, -1/85 HPs)
             Began as a Hill Orc Summoner on Dec 8, 2023.
             Was a Priest of Beogh.
             Slain by a two-headed ogre
             ... wielding a +0 giant spiked club
              (28 damage)
             ... while paralysed by a hornet
             ... on level 11 of the Dungeon on Dec 9, 2023.
             The game lasted 02:00:33 (12169 turns).

avis the Summoner (Hill Orc Summoner)              Turns: 12169, Time: 02:00:34

Health: -1/85      AC:  8    Str: 12    XL:     11   Next: 72%
Magic:  22/22      EV:  2    Int: 19    God:    Beogh [***...]
Gold:   452        SH:  0    Dex: 11    Spells: 8/25 levels left

rFire   . . .        a - +3 broad axe "Usmitt" {heavy, rN+}
rCold   . . .        (no shield)
rNeg    + + .        z - +2 robe {rN+}
rPois   .            p - +0 helmet
rElec   .            (no cloak)
rCorr   .            W - +2 pair of gloves
SInv    .            (no boots)
Will    .....        d - amulet of magic regeneration
Stlth   ++           m - +4 ring of slaying
HPRegen 0.34/turn    E - +5 ring of evasion
MPRegen 0.58/turn

%: no passive effects
@: paralysed, lethally poisoned (-1 -> -10), slowed
A: no striking features
a: Renounce Religion, Smiting


You were on level 11 of the Dungeon.
You worshipped Beogh.
Beogh was most pleased with you.
You visited 2 branches of the dungeon, and saw 12 of its levels.

You collected 692 gold pieces.
You spent 240 gold pieces at shops.

Inventory:

Hand Weapons
 a - the +3 broad axe "Usmitt" (weapon) {heavy, rN+}
   (You found it on level 9 of the Dungeon)

   rN+:       It protects you from negative energy.
 b - a +4 sling
 c - a +0 sling of flaming
 f - a +0 glaive
 j - a +0 halberd
 o - a +2 halberd of distortion
 w - a +2 whip of venom
 y - a +0 orcbow
 D - a +2 dagger of protection
Missiles
 l - a throwing net
Armour
 p - a +0 helmet (worn)
 v - a +0 robe of willpower
 z - a +2 robe of positive energy (worn)
 W - a +2 pair of gloves (worn)
Magical Staves
 n - a staff of fire
 q - a staff of earth
 K - a staff of death
Jewellery
 d - an amulet of magic regeneration (around neck)
 m - a +4 ring of slaying (left hand)
 E - a +5 ring of evasion (right hand)
Wands
 e - a wand of light (4)
 x - a wand of flame (62)
 C - a wand of charming (11)
 J - a wand of iceblast (4)
 Q - a wand of mindburst (7)
Scrolls
 h - 4 scrolls of enchant weapon {unknown}
 i - 3 scrolls of revelation {unknown}
 r - 6 scrolls of teleportation {unknown}
 s - a scroll of fear
 u - 4 scrolls of fog {unknown}
 G - a scroll of noise {unknown}
 V - a scroll of amnesia {unknown}
Potions
 g - 2 potions of haste
 k - 2 potions of enlightenment
 t - a potion of might
 A - a potion of invisibility
 B - a potion of attraction
 O - 4 potions of cancellation
 P - 3 potions of curing
 X - 2 potions of ambrosia {unknown}
 Y - a potion of heal wounds


   Skills:
 + Level 4.4 Fighting
 + Level 2.7 Armour
 - Level 2.0 Dodging
 - Level 2.0 Stealth
 * Level 7.6 Spellcasting
 - Level 3.0 Hexes
 - Level 10.0 Summonings
 - Level 5.0 Air Magic
 - Level 5.0 Earth Magic
 - Level 10.0 Invocations


You had 8 spell levels left.
You knew the following spells:

 Your Spells              Type           Power      Damage    Failure   Level
a - Summon Small Mammal   Summ           100%       N/A       1%          1
c - Call Imp              Summ           90%        N/A       1%          2
d - Call Canine Familiar  Summ           45%        N/A       1%          3
g - Summon Guardian Gole  Hex/Summ       31%        N/A       1%          3
l - Summon Lightning Spi  Summ/Air       35%        N/A       4%          4
n - Animate Armour        Summ/Erth      70%        N/A       4%          4

Your spell library contained the following spells:

 Spells                   Type           Power      Damage    Failure   Level
 Slow                     Hex            72%        N/A       2%          1
 Shock                    Conj/Air       64%        1d7       3%          1
 Swiftness                Air            26%        N/A       3%          3
 Jinxbite                 Hex            36%        N/A       4%          2
 Cigotuvi's Dreadful Rot  Necr/Pois/Air  26%        N/A       8%          2
 Ensorcelled Hibernation  Hex/Ice        24%        N/A       8%          2
 Confusing Touch          Hex            18%        N/A       9%          3
 Kiss of Death            Conj/Necr      28%        2d7       10%         1
 Stone Arrow              Conj/Erth      32%        3d9       11%         3
 Airstrike                Air            13%        2d(2-18)  12%         4
 Inner Flame              Hex/Fire       12%        N/A       16%         3
 Vampiric Draining        Necr           7%         2d6       28%         3
 Anguish                  Hex/Necr       6%         N/A       45%         4
 Dispel Undead            Necr           7%         3d8       67%         4
 Yara's Violent Unravell  Hex/Tmut       6%         3d5       82%         5
 Death Channel            Necr           3%         N/A       100%        6
 Enfeeble                 Hex            9%         N/A       100%        7
 Lehudib's Crystal Spear  Conj/Erth      8%         10d3      100%        8


Dungeon Overview and Level Annotations

Branches:
Dungeon (11/15)            Temple (1/1) D:5             Orc (0/2) D:10
   Lair: D:8-11

Altars:
Ashenzari
Cheibriados
Dithmenos
Elyvilon
Fedhas
Gozag
Hepliaklqana
Kikubaaqudgha
Makhleb
Nemelex Xobeh
Okawaru
Qazlal
Ru
Sif Muna
Trog
Uskayaw
Vehumet
Wu Jian
Xom
Yredelemnul
Zin
The Shining One
Beogh

Shops:
D:10 [*=*

Annotations:
D:4 3 runed translucent doors, CowFu's ghost, amateur DgCj; strifetoe's ghost, amateur DsGl


Message History

Okay, then.
Okay, then.
Search for what [Enter for "."]? axe Search for what [Enter for "axe", or ? for help]? polearm You swap places.
Items here: )) ††.
You swap places.
You swap places.
There is a stone staircase leading down here.
You climb downwards.
Found a ring mail and 12 gold pieces.
There is a stone staircase leading up here.
Found a flail and a wand of charming (4).
A malevolent force fills the Dungeon... and a teleportation trap spontaneously manifests!
You are yanked towards some nearby monsters!
Your surroundings suddenly seem different.
A hornet, a two-headed ogre and a troll come into view.
Found a fuming silvery potion, 11 gold pieces and 3 stones.
Found an escape hatch in the floor.
Found a stone staircase leading up.
The two-headed ogre shouts in stereo!
The troll shouts!
The hornet buzzes angrily.
Found 5 large rocks.
The hornet attacks as it pursues you! The hornet closely misses you.
Beogh accepts your kill.
You feel a bit more experienced.
The two-headed ogre hits you with a +0 giant spiked club!!!
The two-headed ogre barely misses you.
You hear two shouts!
A two-headed ogre comes into view.
It is wielding two +0 giant spiked clubs.
The hornet attacks as it pursues you! The hornet stings you.
You suddenly lose the ability to move!
The hornet stings you but does no damage.
The hornet stings you.
You are poisoned.
You feel yourself slow down.
You feel very sick. The hornet stings you!
You feel as though you will be slow longer.
The two-headed ogre hits you with a +0 giant spiked club!!
You die...

#>...............
###................
...................
.................##
...................
...........!.......
##.......T.........
........Oy.........
#........@.........
##.......<.....(..
#...^......(.....
......O........#.
.....###.....#...
.... #....##... ..
...... ## ..##.##


You could see 2 two-headed ogres, a troll and a hornet.

Vanquished Creatures
  A hornet (D:9)
  4 yaks
  A nameless horror (D:9)
  A sky beast (D:6)
  A centaur (D:8)
  A phantom (D:5)
  2 orc priests
  Natasha (D:4)
  4 orc wizards
  An adder (D:2)
  14 orcs
  2 bats
  An endoplasm (D:1)
  A giant cockroach (D:2)
  5 goblins
  A hobgoblin (D:2)
  9 kobolds
  2 quokkas
  A frilled lizard (D:3)
  2 rats (D:3)
55 creatures vanquished.

Vanquished Creatures (collateral kills)
  5 large abominations (D:9)
  Maurice (D:8)
  Jeremiah (D:8)
  A komodo dragon (D:8)
  Sigmund (D:4)
  A vampire (D:11)
  A wyvern (D:8)
  7 yaks
  A steam dragon (D:7)
  A swamp drake (D:10)
  4 orc warriors
  A small abomination (D:9)
  A sky beast (D:7)
  A centaur (D:10)
  An ogre (D:9)
  A phantom (D:7)
  Blork the orc (D:4)
  3 kobold brigands
  A bullfrog (D:7)
  2 scorpions
  2 wights (D:7)
  6 killer bees
  A nameless horror (D:4)
  A hound (D:4)
  2 orc priests
  Natasha (twice) (D:4)
  12 orc wizards
  2 gnolls (D:10)
  2 adders
  2 shadow imps
  A worm (D:2)
  A dart slug (D:2)
  28 orcs
  7 ball pythons
  5 bats
  2 endoplasms
  2 giant cockroaches
  4 goblins
  6 hobgoblins
  11 kobolds
  3 frilled lizards
  3 rats
141 creatures vanquished.

Vanquished Creatures (others)
  An arcanist (D:9)
  Pikel (D:5)
  Joseph (D:7)
  Grinder (D:6)
  3 orc warriors
  6 small abominations (D:9)
  Duvessa (D:4)
  2 water moccasins
  An ice beast (D:5)
  2 ogres
  A centaur (D:6)
  3 scorpions
  Dowan (D:4)
  6 wights (D:7)
  5 killer bees
  A hound (D:5)
  A jelly (D:6)
  A gnoll bouda (D:10)
  An orc priest (D:9)
  3 gnolls (D:10)
  An adder (D:6)
  A shadow imp (D:6)
  17 orcs
61 creatures vanquished.

Grand Total: 257 creatures vanquished

Notes
Turn   | Place    | Note
-------+----------+-------------------------------------------
     0 | D:1      | avis the Hill Orc Summoner began the quest for the Orb.
     0 | D:1      | Reached XP level 1. HP: 14/14 MP: 3/3
   167 | D:1      | Reached XP level 2. HP: 20/20 MP: 4/4
   290 | D:1      | Learned a level 2 spell: Call Imp
   629 | D:1      | Reached XP level 3. HP: 26/26 MP: 2/5
   997 | D:2      | Learned a level 3 spell: Call Canine Familiar
  1167 | D:2      | Reached skill level 1 in Fighting
  1402 | D:2      | Reached XP level 4. HP: 35/35 MP: 7/7
  2237 | D:4      | Noticed Blork the orc
  2273 | D:4      | Killed Blork the orc
  2274 | D:4      | Reached XP level 5. HP: 41/41 MP: 7/9
  2281 | D:4      | Noticed Natasha
  2293 | D:4      | Killed Natasha
  2324 | D:4      | Learned a level 3 spell: Summon Guardian Golem
  2409 | D:4      | Found a runed translucent gate.
  2409 | D:4      | Found a runed translucent gate.
  2409 | D:4      | Found a runed translucent gate.
  2410 | D:4      | Noticed strifetoe's ghost (amateur DsGl)
  2411 | D:4      | Noticed CowFu's ghost (amateur DgCj)
  2417 | D:4      | Noticed Sigmund
  2442 | D:4      | Noticed Natasha
  2447 | D:4      | Killed Sigmund
  2448 | D:4      | Reached skill level 5 in Summonings
  2448 | D:4      | Reached XP level 6. HP: 41/48 MP: 9/11
  2455 | D:4      | Killed Natasha
  2584 | D:4      | Noticed Natasha
  2589 | D:4      | Killed Natasha
  2644 | D:4      | Learned a level 4 spell: Summon Lightning Spire
  2757 | D:4      | Noticed Duvessa
  2758 | D:4      | Noticed Dowan
  2775 | D:4      | Killed Duvessa
  2776 | D:4      | Reached XP level 7. HP: 56/56 MP: 5/13
  2811 | D:4      | Killed Dowan
  3151 | D:5      | Entered Level 5 of the Dungeon
  3189 | D:5      | Found a blossoming altar of Fedhas.
  3237 | D:5      | Reached skill level 1 in Air Magic
  3237 | D:5      | Reached XP level 8. HP: 36/63 MP: 11/14
  3401 | D:5      | Noticed Pikel
  3426 | D:5      | Killed Pikel
  3427 | D:5      | Reached skill level 5 in Spellcasting
  3493 | D:5      | Found a staircase to the Ecumenical Temple.
  3517 | Temple   | Entered the Ecumenical Temple
  3667 | D:5      | Learned a level 4 spell: Animate Armour
  4055 | D:5      | Found an iron altar of Okawaru.
  4628 | D:6      | Became a worshipper of Beogh the Brigand
  4647 | D:6      | Noticed Grinder
  4703 | D:6      | Killed Grinder
  4704 | D:6      | Reached XP level 9. HP: 61/69 MP: 17/17
  4828 | D:6      | Found a broken altar of Ashenzari.
  6045 | D:7      | Reached skill level 5 in Air Magic
  6143 | D:7      | Reached * piety under Beogh
  6378 | D:7      | Got Yssuces's Secrets of Grim Hexes
  6700 | D:7      | Noticed Joseph
  6719 | D:7      | Killed Joseph
  6720 | D:7      | Reached XP level 10. HP: 29/77 MP: 5/20
  7943 | D:8      | Reached ** piety under Beogh
  8143 | D:8      | Reached skill level 1 in Invocations
  8258 | D:8      | Noticed Jeremiah
  8285 | D:8      | Killed Jeremiah
  8411 | D:8      | Noticed Maurice
  8429 | D:8      | Something stole a +1 heavy hand axe
  8430 | D:8      | Something stole an orb of mayhem
  8446 | D:8      | Something stole 8 atropa-tipped darts
  8449 | D:8      | Killed Maurice
  8693 | D:8      | Found a sacrificial altar of Ru.
  9230 | D:9      | Reached skill level 5 in Earth Magic
  9298 | D:8      | Reached skill level 5 in Invocations
  9520 | D:9      | Noticed a large abomination
  9521 | D:9      | Noticed an arcanist
  9521 | D:9      | Noticed a large abomination
  9525 | D:9      | Noticed a large abomination
  9529 | D:9      | Killed an arcanist
  9530 | D:9      | Reached XP level 11. HP: 38/82 MP: 13/21
  9532 | D:9      | Noticed a large abomination
  9539 | D:9      | Noticed a large abomination
  9539 | D:9      | HP: 1/82 [large abomination (22)]
  9547 | D:9      | Killed a large abomination
  9548 | D:9      | Reached skill level 10 in Summonings
  9548 | D:9      | Killed a large abomination
  9553 | D:9      | Killed a large abomination
  9553 | D:9      | Reached *** piety under Beogh
  9554 | D:9      | Killed a large abomination
  9555 | D:9      | Reached skill level 10 in Invocations
  9809 | D:9      | Identified the +3 broad axe "Usmitt" {heavy, rN+}
  9962 | D:9      | Found a roughly hewn altar of Beogh.
  9971 | D:9      | Reached skill level 1 in Armour
 10231 | D:9      | Paralysed by a hornet for 1 turns
 10237 | D:9      | HP: 3/82 [yak (7)]
 10523 | D:9      | Found a shadowy altar of Dithmenos.
 10663 | D:10     | Entered Level 10 of the Dungeon
 10663 | D:10     | Found Giacah's Assorted Antiques.
 10684 | D:10     | Found Siath's Armour Emporium.
 11154 | D:10     | Found Lijueke's Jewellery Emporium.
 11223 | D:10     | Found Ujuifod's Assorted Antiques.
 11229 | D:10     | Bought a pair of runed gloves for 240 gold pieces
 11998 | D:10     | Found a staircase to the Orcish Mines.
 12129 | D:10     | Upgraded the game from 0.31-a0-1074-g0b22e4e0f1 to
                  | 0.31-a0-1165-g196b491b36
 12159 | D:11     | Noticed a two-headed ogre
 12166 | D:11     | Noticed a two-headed ogre
 12167 | D:11     | Paralysed by a hornet for 3 turns
 12169 | D:11     | Slain by a two-headed ogre

Illustrated notes

Levels and vault maps discovered:
D:1:      mainiacjoe_arrival_oval_in_oval, layout_basic
D:2:      minmay_recursive_quarters, layout_loops_ring
D:3:      layout_rooms, kennysheep_boxes
D:4:      layout_loops_ring, gammafunk_ghost_cemetery, amethyst_killhole,
          dreamdust_mushroom_princess, kennysheep_generic_room_15, uniq_sigmund,
          uniq_natasha, uniq_blork_the_orc, uniq_duvessa
D:5:      layout_basic, okawaru_trees_2, fedhas_ov_isle_minmay,
          minmay_temple_entry_mini_moons, kennysheep_small_spiral,
          hangedman_abyss_or_decor_stagger, uniq_pikel
D:6:      hellmonk_ruined_rings, layout_basic, cheibrodos_ashenzari_chains,
          st_stairs_1, chequers_decorated_corner, minmay_misc_feat_encased,
          eino_small_chamber_without_monster, uniq_grinder
D:7:      layout_basic, minmay_misc_feat_rows, uniq_joseph
D:8:      layout_cave_pools, hangedman_ru_absence, uniq_maurice, uniq_jeremiah
D:9:      layout_roguey [special_room_orc], general_overflow_altar, laboratory
D:10:     layout_roguey, erik_orc_1, serial_shops, shop, nicolae_stop_n_shop_2,
          nicolae_shop_tiny_statue_garden, shop, chequers_arboretum
D:11:     cheibrodos_iron_armory, layout_cave_pools,
          due_lair_maze_entry_diamond, serial_shops, shop, nicolae_the_louvre
Temple:   sentei_temple_godly_chess

Skill      XL: |  1  2  3  4  5  6  7  8  9 10 11 |
---------------+----------------------------------+-----
Stealth        | 2 |  2.0
Spellcasting   | 2 3 4 5 6 7 |  7.6
Dodging        | 2 |  2.0
Fighting       | 1 2 3 4 |  4.4
Hexes          | 2 3 |  3.0
Summonings     | 5 7 8 9 10 | 10.0
Air Magic      | 1 3 5 |  5.0
Earth Magic    | 2 5 |  5.0
Invocations    | 6 10 | 10.0
Armour         | 2 |  2.7

Action                     |  1- 3 |  4- 6 |  7- 9 | 10-12 || total
---------------------------+-------+-------+-------+-------++-------
  Melee: Scimitar          |    16 |       |       |       ||    16
         Whip              |    20 |     9 |    35 |     5 ||    69
         Broad axe         |       |       |       |     3 ||     3
   Fire: Sling             |       |       |       |   112 ||   112
   Cast: Summon Small Mamm |    40 |    22 |     2 |       ||    64
         Call Imp          |    12 |    14 |     4 |     6 ||    36
         Call Canine Famil |       |    12 |    22 |    32 ||    66
         Summon Guardian G |       |     1 |    43 |    22 ||    66
         Summon Lightning  |       |       |     7 |    22 ||    29
         Animate Armour    |       |       |     2 |    20 ||    22
 Invoke: Convert to Beogh  |       |       |     1 |       ||     1
         Smiting           |       |       |       |     4 ||     4
  Evoke: Wand              |       |       |       |     1 ||     1
    Use: Potion            |       |     2 |     1 |       ||     3
         Scroll            |       |       |    11 |     4 ||    15
   Stab: Distracted        |     1 |       |       |       ||     1
         Sleeping          |       |     1 |       |       ||     1
 Armour: Robe              |    22 |     5 |    24 |    97 ||   148
         Leather armour    |       |       |    32 |       ||    32
  Dodge: Dodged            |    30 |     4 |    68 |   139 ||   241

Table legend: (Time is in decaauts)
 A = Elapsed time spent in this place.
 B = Non-inter-level travel time spent in this place.
 C = Inter-level travel time spent in this place.
 D = Time resting spent in this place.
 E = Time spent auto-exploring this place.
 F = Levels seen in this place.
 G = Mean time per level.
                   A        B        C        D        E       F      G
               +--------+--------+--------+--------+--------+-----+--------+
         Total |  12283 |  10726 |   1557 |   2787 |   4174 |  12 | 1023.6 |
       Dungeon |  12221 |  10664 |   1557 |   2787 |   4174 |  11 | 1111.0 |
        Temple |     61 |     61 |      0 |      0 |      0 |   1 |   61.0 |
               +--------+--------+--------+--------+--------+-----+--------+

Top non-repeatable levels by time:
     D:7: 1720 daAuts
     D:9: 1526 daAuts
     D:8: 1477 daAuts
     D:4: 1442 daAuts
     D:6: 1302 daAuts
    D:10: 1269 daAuts
     D:5: 1175 daAuts
     D:2: 994 daAuts
     D:1: 716 daAuts
     D:3: 578 daAuts
  Temple: 61 daAuts
    D:11: 18 daAuts
